TOP OF THE 1ST |
Fort Myers Palms batting - Pitching for West Palm Beach Expos : RHP Carlos Montano
|
Pitching: RHP Carlos Montano
|
|
Batting: LHB Gus Burgess
|
0-0: Called Strike 0-1: Ball 1-1: Ball 2-1: Ball 3-1: Swinging Strike 3-2: Base on Balls
|
Batting: LHB Jessie Reid
|
0-0: Ball 1-0: Fly out, F3 (Popup, 3S, EV 85.0 MPH)
|
Batting: SHB Stan Javier
|
0-0: Called Strike 0-1: Ball 1-1: Ball 2-1: Ball 3-1: Base on Balls Gus Burgess to second
|
Batting: LHB Tony Ramirez
|
0-0: Ball Gus Burgess steals 3rd base 1-0: Fielders Choice at 2nd, 3-6 (Groundball, 3, EV 80.0 MPH) Gus Burgess scores
|
Batting: RHB Gary Holden
|
0-0: Called Strike 0-1: Fly out, F7 (Flyball, 78M, EV 90.6 MPH)
|
Top of the 1st over - 1 run, 0 hits, 0 errors, 1 left on base; Fort Myers 1 - West Palm Beach 0 |
BOTTOM OF THE 1ST |
West Palm Beach Expos batting - Pitching for Fort Myers Palms : RHP Jim Pettibone
|
Pitching: RHP Jim Pettibone
|
|
Batting: RHB Melvin Freeman
|
0-0: Called Strike 0-1: Ball 1-1: Bunt missed! 1-2: Ball 2-2: Reached on error, E6 (Groundball, 6, EV 89.4 MPH)
|
Batting: LHB Manuel Vigil
|
0-0: Foul Ball, location: 2F 0-1: Fielders Choice at 2nd, 4-6 (Groundball, 34, EV 103.1 MPH)
|
Batting: LHB Jesus Alfes
|
0-0: Swinging Strike 0-1: Ball 1-1: Foul Ball, location: 2F 1-2: Foul Ball, location: 2F 1-2: Foul Ball, location: 2F 1-2: Foul Ball, location: 2F 1-2: Ball 2-2: Grounds into double play, 4-6-3 (Groundball, 4M, EV 82.5 MPH)
|
Bottom of the 1st over - 0 runs, 0 hits, 1 error, 0 left on base; Fort Myers 1 - West Palm Beach 0 |
TOP OF THE 2ND |
Fort Myers Palms batting - Pitching for West Palm Beach Expos : RHP Carlos Montano
|
Batting: SHB Curt Wilkerson
|
0-0: Fly out, F9 (Line Drive, 9, EV 90.0 MPH)
|
Batting: LHB Ozzie Guillen
|
0-0: Called Strike 0-1: Ball 1-1: Ground out 1-3 (Groundball, 13S, EV 68.1 MPH)
|
Batting: LHB Robert Williamson
|
0-0: Ball 1-0: Foul Ball, location: 2F 1-1: Foul Ball, location: 2F 1-2: Foul Ball, location: 2F 1-2: Ball 2-2: SINGLE (Groundball, 4MD, EV 105.6 MPH)
|
Batting: RHB Craig Hendrickson
|
0-0: Ball Robert Williamson is caught stealing 2nd base 2-4
|
Top of the 2nd over - 0 runs, 1 hit, 0 errors, 0 left on base; Fort Myers 1 - West Palm Beach 0 |
BOTTOM OF THE 2ND |
West Palm Beach Expos batting - Pitching for Fort Myers Palms : RHP Jim Pettibone
|
Batting: RHB Don Berti
|
0-0: Swinging Strike 0-1: Ball 1-1: Foul Ball, location: 2F 1-2: Strikes out swinging
|
Batting: RHB Matthew Gundelfinger
|
0-0: Fly out, F8 (Flyball, 8RM, EV 78.8 MPH)
|
Batting: RHB Roland Oruna
|
0-0: Ball 1-0: Swinging Strike 1-1: Ball 2-1: Ball 3-1: Foul Ball, location: 2F 3-2: Strikes out swinging
|
Bottom of the 2nd over - 0 runs, 0 hits, 0 errors, 0 left on base; Fort Myers 1 - West Palm Beach 0 |
TOP OF THE 3RD |
Fort Myers Palms batting - Pitching for West Palm Beach Expos : RHP Carlos Montano
|
Batting: RHB Craig Hendrickson
|
0-0: Ball 1-0: SINGLE (Line Drive, 8LS, EV 110.6 MPH)
|
Batting: LHB Gus Burgess
|
0-0: Ball 1-0: Fly out, F7 (Flyball, 78S, EV 82.5 MPH)
|
Batting: LHB Jessie Reid
|
0-0: Ball Craig Hendrickson steals 2nd base (no throw) 1-0: Ball 2-0: DOUBLE (Line Drive, 78XD, EV 108.8 MPH) Craig Hendrickson scores
|
Batting: SHB Stan Javier
|
0-0: TRIPLE (Flyball, 78XD, EV 103.1 MPH) Jessie Reid scores
|
Batting: LHB Tony Ramirez
|
0-0: Ball 1-0: Ball 2-0: Swinging Strike 2-1: SINGLE (Flyball, 89M, EV 99.4 MPH) Stan Javier scores
|
Batting: RHB Gary Holden
|
0-0: Swinging Strike 0-1: Swinging Strike 0-2: Ball 1-2: Ball 2-2: Ball 3-2: Strikes out swinging
|
Batting: SHB Curt Wilkerson
|
0-0: Ball Tony Ramirez steals 2nd base (no throw) 1-0: Ground out 6-3 (Groundball, 6, EV 103.1 MPH)
|
Top of the 3rd over - 3 runs, 4 hits, 0 errors, 1 left on base; Fort Myers 4 - West Palm Beach 0 |
BOTTOM OF THE 3RD |
West Palm Beach Expos batting - Pitching for Fort Myers Palms : RHP Jim Pettibone
|
Batting: RHB Pat Adams
|
0-0: Foul Ball, location: 2F 0-1: Foul Ball, location: 2F 0-2: Ball 1-2: Strikes out swinging
|
Batting: SHB Marvin Clack
|
0-0: Ball 1-0: Fly out, F8 (Line Drive, 8RD, EV 100.6 MPH)
|
Batting: RHB Sebastiano Borriello
|
0-0: Foul Ball, location: 2F 0-1: Foul Ball, location: 2F 0-2: Ball 1-2: Ball 2-2: Ball 3-2: Foul Ball, location: 2F 3-2: Base on Balls
|
Batting: RHB Melvin Freeman
|
0-0: Foul Ball, location: 2F 0-1: Ball 1-1: Ball 2-1: Foul Ball, location: 2F 2-2: Strikes out swinging
|
Bottom of the 3rd over - 0 runs, 0 hits, 0 errors, 1 left on base; Fort Myers 4 - West Palm Beach 0 |
TOP OF THE 4TH |
Fort Myers Palms batting - Pitching for West Palm Beach Expos : RHP Carlos Montano
|
Batting: LHB Ozzie Guillen
|
0-0: Ground out 5-3 (Groundball, 5L, EV 76.9 MPH)
|
Batting: LHB Robert Williamson
|
0-0: Called Strike 0-1: Ball 1-1: Ball 2-1: Foul Ball, location: 2F 2-2: Fly out, F7 (Flyball, 78D, EV 81.9 MPH)
|
Batting: RHB Craig Hendrickson
|
0-0: Ball 1-0: Ground out 5-3 (Groundball, 56S, EV 57.5 MPH)
|
Top of the 4th over - 0 runs, 0 hits, 0 errors, 0 left on base; Fort Myers 4 - West Palm Beach 0 |
BOTTOM OF THE 4TH |
West Palm Beach Expos batting - Pitching for Fort Myers Palms : RHP Jim Pettibone
|
Batting: LHB Manuel Vigil
|
0-0: Called Strike 0-1: Reached on error, E4 (Groundball, 4, EV 101.9 MPH)
|
Batting: LHB Jesus Alfes
|
0-0: SINGLE (Line Drive, 7S, EV 91.9 MPH) Manuel Vigil to second
|
Batting: RHB Don Berti
|
0-0: Ball 1-0: Ball 2-0: Ball 3-0: Called Strike 3-1: Base on Balls Manuel Vigil to third Jesus Alfes to second
|
Batting: RHB Matthew Gundelfinger
|
0-0: Called Strike 0-1: Fly out, F9 (Flyball, 9D, EV 87.5 MPH) Runner from 3rd tags up, SCORES, no throw by RF
|
Batting: RHB Roland Oruna
|
0-0: Called Strike 0-1: Fly out, F3 (Line Drive, 3, EV 66.3 MPH)
|
Batting: RHB Pat Adams
|
0-0: Ball 1-0: Ball 2-0: Foul Ball, location: 2F 2-1: SINGLE (Line Drive, 4M, EV 96.3 MPH) Jesus Alfes to third Don Berti to second Runner from 3rd tries for Home, SAFE, throw by CF to home
|
Batting: SHB Marvin Clack
|
0-0: Called Strike 0-1: Swinging Strike 0-2: Ball 1-2: Foul Ball, location: 2F 1-2: Foul Ball, location: 2F 1-2: Strikes out swinging
|
Bottom of the 4th over - 2 runs, 2 hits, 1 error, 2 left on base; Fort Myers 4 - West Palm Beach 2 |
TOP OF THE 5TH |
Fort Myers Palms batting - Pitching for West Palm Beach Expos : RHP Carlos Montano
|
Batting: LHB Gus Burgess
|
0-0: Ground out 4-3 (Groundball, 4, EV 103.1 MPH)
|
Batting: LHB Jessie Reid
|
0-0: SINGLE (Line Drive, 78S, EV 103.1 MPH)
|
Batting: SHB Stan Javier
|
0-0: Ball 1-0: Ball 2-0: Ball 3-0: Base on Balls Jessie Reid to second
|
Batting: LHB Tony Ramirez
|
0-0: Ball Jessie Reid steals 3rd base Stan Javier to second 1-0: Ball 2-0: Called Strike 2-1: SINGLE (Line Drive, 8RS, EV 103.1 MPH) Jessie Reid scores Stan Javier to third Runner from 3rd tries for Home, SAFE, throw by CF to home
|
Pitching: LHP Bret Ferguson
|
|
Batting: RHB Gary Holden
|
0-0: Called Strike 0-1: Fielders Choice at 2nd, 5-4 (Groundball, 5S, EV 85.6 MPH)
|
Batting: SHB Curt Wilkerson
|
0-0: Called Strike 0-1: Ball 1-1: Called Strike 1-2: Strikes out swinging
|
Top of the 5th over - 2 runs, 2 hits, 0 errors, 1 left on base; Fort Myers 6 - West Palm Beach 2 |
BOTTOM OF THE 5TH |
West Palm Beach Expos batting - Pitching for Fort Myers Palms : RHP Jim Pettibone
|
Batting: RHB Sebastiano Borriello
|
0-0: Ball 1-0: Fly out, F9 (Flyball, 9D, EV 99.4 MPH)
|
Batting: RHB Melvin Freeman
|
0-0: Swinging Strike 0-1: Ball 1-1: Ball 2-1: Swinging Strike 2-2: Ball 3-2: Foul Ball, location: 2F 3-2: Foul Ball, location: 2F 3-2: Base on Balls
|
Batting: LHB Manuel Vigil
|
0-0: Ball 1-0: Fly out, F9 (Flyball, 89M, EV 93.1 MPH)
|
Batting: LHB Jesus Alfes
|
0-0: Ball 1-0: Called Strike 1-1: Foul Ball, location: 2F 1-2: Strikes out looking
|
Bottom of the 5th over - 0 runs, 0 hits, 0 errors, 1 left on base; Fort Myers 6 - West Palm Beach 2 |
TOP OF THE 6TH |
Fort Myers Palms batting - Pitching for West Palm Beach Expos : LHP Bret Ferguson
|
Batting: LHB Ozzie Guillen
|
0-0: Swinging Strike 0-1: Ground out 6-3 (Groundball, 6, EV 86.9 MPH)
|
Batting: LHB Robert Williamson
|
0-0: Ball 1-0: Foul Ball, location: 2F 1-1: Swinging Strike 1-2: Strikes out swinging
|
Batting: RHB Craig Hendrickson
|
0-0: Foul Ball, location: 2F 0-1: Ball 1-1: Ball 2-1: Ball 3-1: Called Strike 3-2: Foul Ball, location: 2F 3-2: Base on Balls
|
Batting: LHB Gus Burgess
|
0-0: Foul Ball, location: 2F 0-1: Ball 1-1: Foul Ball, location: 2F 1-2: Ball 2-2: Strikes out swinging
|
Top of the 6th over - 0 runs, 0 hits, 0 errors, 1 left on base; Fort Myers 6 - West Palm Beach 2 |
BOTTOM OF THE 6TH |
West Palm Beach Expos batting - Pitching for Fort Myers Palms : RHP Jim Pettibone
|
Batting: RHB Don Berti
|
0-0: Foul Ball, location: 2F 0-1: Ball 1-1: Foul Ball, location: 2F 1-2: Ball 2-2: Foul Ball, location: 2F 2-2: Foul Ball, location: 2F 2-2: SINGLE (Line Drive, 4D, EV 97.5 MPH)
|
Batting: RHB Matthew Gundelfinger
|
0-0: DOUBLE (Groundball, 5L, EV 111.9 MPH) Don Berti to third Runner from 3rd tries for Home, SAFE, throw by LF to trailing runner, SAFE at third!
|
Batting: RHB Roland Oruna
|
0-0: Foul Ball, location: 2F 0-1: Foul Ball, location: 2F 0-2: Ball 1-2: Ball 2-2: Ball 3-2: Base on Balls
|
Batting: RHB Pat Adams
|
0-0: Swinging Strike 0-1: Called Strike 0-2: Ball 1-2: Foul Ball, location: 2F 1-2: Foul Ball, location: 2F 1-2: Strikes out looking
|
Batting: SHB Marvin Clack
|
0-0: Foul Ball, location: 2F 0-1: Reached on error, E6 (Groundball, 6, EV 83.1 MPH) Matthew Gundelfinger scores Roland Oruna to second
|
Batting: RHB Sebastiano Borriello
|
0-0: Foul Ball, location: 2F 0-1: Called Strike 0-2: Strikes out swinging
|
Batting: RHB Melvin Freeman
|
0-0: Ball 1-0: Called Strike 1-1: Fielders Choice at 2nd, 6-4 (Groundball, 6, EV 109.4 MPH)
|
Bottom of the 6th over - 2 runs, 2 hits, 1 error, 2 left on base; Fort Myers 6 - West Palm Beach 4 |
TOP OF THE 7TH |
Fort Myers Palms batting - Pitching for West Palm Beach Expos : LHP Bret Ferguson
|
Batting: LHB Jessie Reid
|
0-0: Ball 1-0: Ball 2-0: Swinging Strike 2-1: Ball 3-1: Base on Balls
|
Pitching: RHP Gabe Rubio
|
|
Batting: SHB Stan Javier
|
0-0: Called Strike 0-1: Swinging Strike 0-2: Ball 1-2: Strikes out swinging
|
Batting: LHB Tony Ramirez
|
0-0: Called Strike 0-1: Ball 1-1: Foul Ball, location: 2F 1-2: Ball 2-2: Ball 3-2: Foul Ball, location: 2F 3-2: Strikes out looking Jessie Reid steals 2nd base Batter strikes out.
|
Batting: RHB Gary Holden
|
0-0: Called Strike 0-1: Called Strike 0-2: Ball 1-2: Foul Ball, location: 2F 1-2: Ball 2-2: Ball 3-2: Base on Balls
|
Batting: SHB Curt Wilkerson
|
0-0: Swinging Strike 0-1: Ball 1-1: Called Strike 1-2: Foul Ball, location: 2F 1-2: Strikes out swinging
|
Top of the 7th over - 0 runs, 0 hits, 0 errors, 2 left on base; Fort Myers 6 - West Palm Beach 4 |
BOTTOM OF THE 7TH |
West Palm Beach Expos batting - Pitching for Fort Myers Palms : RHP Jim Pettibone
|
Pitching: RHP David Thornton
|
|
Batting: LHB Manuel Vigil
|
0-0: Ball 1-0: Fly out, F8 (Flyball, 8RXD, EV 96.3 MPH)
|
Batting: LHB Jesus Alfes
|
0-0: Called Strike 0-1: Called Strike 0-2: Ball 1-2: Ground out 5-3 (Groundball, 5L, EV 85.6 MPH)
|
Batting: RHB Don Berti
|
0-0: Ball 1-0: Foul Ball, location: 2F 1-1: Swinging Strike 1-2: Ball 2-2: Ball 3-2: Strikes out swinging, 2-3 out at first.
|
Bottom of the 7th over - 0 runs, 0 hits, 0 errors, 0 left on base; Fort Myers 6 - West Palm Beach 4 |
TOP OF THE 8TH |
Fort Myers Palms batting - Pitching for West Palm Beach Expos : RHP Gabe Rubio
|
Batting: LHB Ozzie Guillen
|
0-0: SINGLE (Line Drive, 56D, EV 106.9 MPH)
|
Batting: LHB Robert Williamson
|
0-0: Ball 1-0: Ball 2-0: Called Strike 2-1: Ball 3-1: Fielders Choice at 2nd, 4-6 (Groundball, 4, EV 84.4 MPH)
|
Batting: RHB Craig Hendrickson
|
0-0: Ball 1-0: Called Strike 1-1: Called Strike 1-2: Foul Ball, location: 2F 1-2: Strikes out looking
|
Batting: LHB Gus Burgess
|
0-0: Ball 1-0: Fly out, F5 (Line Drive, 5, EV 71.3 MPH)
|
Top of the 8th over - 0 runs, 1 hit, 0 errors, 1 left on base; Fort Myers 6 - West Palm Beach 4 |
BOTTOM OF THE 8TH |
West Palm Beach Expos batting - Pitching for Fort Myers Palms : RHP David Thornton
|
Batting: RHB Matthew Gundelfinger
|
0-0: SINGLE (Line Drive, 56D, EV 102.5 MPH)
|
Batting: RHB Roland Oruna
|
0-0: Ball 1-0: Called Strike 1-1: Ball 2-1: Fielders Choice at 2nd, 5-4 (Groundball, 56, EV 75.0 MPH)
|
Batting: RHB Pat Adams
|
0-0: SINGLE (Groundball, 56D, EV 103.1 MPH) Roland Oruna to second
|
Pitching: LHP Kelly Becker
|
|
Batting: SHB Marvin Clack
|
0-0: Fielders Choice at 2nd, 5-4 (Groundball, 56, EV 81.9 MPH) Roland Oruna to third
|
Batting: RHB Sebastiano Borriello
|
0-0: Called Strike 0-1: Foul Ball, location: 2F 0-2: Ball 1-2: Foul Ball, location: 2F 1-2: Strikes out swinging
|
Bottom of the 8th over - 0 runs, 2 hits, 0 errors, 2 left on base; Fort Myers 6 - West Palm Beach 4 |
TOP OF THE 9TH |
Fort Myers Palms batting - Pitching for West Palm Beach Expos : RHP Gabe Rubio
|
Batting: LHB Jessie Reid
|
0-0: Ball 1-0: SOLO HOME RUN (Flyball, 78XD, EV 98.8 MPH), Distance : 406 ft
|
Batting: SHB Stan Javier
|
0-0: Ball 1-0: Ball 2-0: Ball 3-0: Base on Balls
|
Batting: LHB Tony Ramirez
|
0-0: Ball 1-0: Fielders Choice at 2nd, 4-6 (Groundball, 4, EV 87.5 MPH)
|
Batting: RHB Gary Holden
|
0-0: Ball 1-0: Called Strike Tony Ramirez steals 2nd base 1-1: Swinging Strike 1-2: SINGLE (Groundball, 56D, EV 98.1 MPH) Tony Ramirez to third Runner from 3rd tries for Home, SAFE, throw by LF to home
|
Batting: SHB Curt Wilkerson
|
0-0: Foul Ball, location: 2F 0-1: Ball 1-1: Ball Wild Pitch! Gary Holden to second 2-1: Called Strike Gary Holden steals 3rd base 2-2: Foul Ball, location: 2F 2-2: Ball 3-2: Fly out, F9 (Flyball, 89S, EV 94.4 MPH)
|
Batting: LHB Ozzie Guillen
|
0-0: Called Strike 0-1: Called Strike 0-2: Ball 1-2: Strikes out swinging
|
Top of the 9th over - 2 runs, 2 hits, 0 errors, 1 left on base; Fort Myers 8 - West Palm Beach 4 |
BOTTOM OF THE 9TH |
West Palm Beach Expos batting - Pitching for Fort Myers Palms : LHP Kelly Becker
|
Batting: RHB Melvin Freeman
|
0-0: Foul Ball, location: 2F 0-1: Fly out, F3 (Popup, 3SF, EV 66.9 MPH)
|
Batting: LHB Manuel Vigil
|
0-0: Ball 1-0: Ball 2-0: Ground out 6-3 (Groundball, 6, EV 101.9 MPH)
|
Batting: LHB Jesus Alfes
|
0-0: Fly out, F8 (Flyball, 8RS, EV 83.8 MPH)
|
Bottom of the 9th over - 0 runs, 0 hits, 0 errors, 0 left on base; Fort Myers 8 - West Palm Beach 4 |
|